 Dungeon Crawl Stone Soup version 0.30.0-17-ge0270778cf (webtiles) character file.

Game seed: 15250715329451130619

86 monsoonserge the Sneak (level 4, -2/21 HPs)
             Began as a Spriggan Enchanter on May 23, 2023.
             Was an Initiate of Wu Jian.
             Slain by Grinder (6 damage)
             ... on level 3 of the Dungeon.
             The game lasted 00:06:50 (1946 turns).

monsoonserge the Sneak (Spriggan Enchanter)         Turns: 1946, Time: 00:06:50

Health: -2/21      AC:  2    Str:  4    XL:     4   Next: 26%
Magic:  7/9        EV: 17    Int: 18    God:    Wu Jian [......]
Gold:   191        SH:  0    Dex: 15    Spells: 0/9 levels left

rFire   . . .        a - +1 dagger
rCold   . . .        (no shield)
rNeg    . . .        b - +0 robe
rPois   .            (helmet restricted)
rElec   .            (no cloak)
rCorr   .            (gloves unavailable)
SInv    +            (boots unavailable)
Will    .....        (no amulet)
Stlth   +++          (no ring)
HPRegen 0.23/turn    (no ring)
MPRegen 0.11/turn

%: no passive effects
@: very quick
A: very small, no large weapons, unfitting armour, see invisible, speed 3
a: Renounce Religion


You were on level 3 of the Dungeon.
You worshipped Wu Jian.
Wu Jian was noncommittal.
You visited 1 branch of the dungeon, and saw 3 of its levels.

You collected 191 gold pieces.

Inventory:

Hand Weapons
 a - a +1 dagger (weapon)
Missiles
 d - 2 poisoned darts (quivered)
Armour
 b - a +0 robe (worn)
Scrolls
 e - a scroll of magic mapping {unknown}
 g - 4 scrolls of identify {unknown}
 h - 2 scrolls of blinking {unknown}
 j - a scroll of vulnerability {unknown}
 k - a scroll of amnesia {unknown}
 l - a scroll of fog {unknown}
 n - a scroll of poison {unknown}
Potions
 c - 2 potions of invisibility
 f - a potion of attraction {unknown}
 i - a potion of degeneration {unknown}
 m - a potion of heal wounds {unknown}


   Skills:
 + Level 0.1 Fighting
 + Level 1.6 Short Blades
 + Level 3.1 Dodging
 + Level 5.9 Stealth
 + Level 3.0 Spellcasting
 + Level 4.3 Hexes
 * Level 0.9 Ice Magic


You couldn't memorise any spells.
You knew the following spells:

 Your Spells              Type           Power      Damage    Failure   Level
a - Ensorcelled Hibernat  Hex/Ice        24%        N/A       9%          2
b - Slow                  Hex            72%        N/A       2%          1
c - Confusing Touch       Hex            18%        N/A       9%          3
d - Dazzling Flash        Conj/Hex       20%        N/A       21%         3

Your spell library contained the following spells:

 Spells                   Type           Power      Damage    Failure   Level
 Tukima's Dance           Hex            18%        N/A       9%          3
 Freeze                   Ice            24%        1d4       11%         1
 Cause Fear               Hex            9%         N/A       26%         4
 Frozen Ramparts          Ice            12%        1d2       32%         3
 Hailstorm                Conj/Ice       4%         3d4       38%         3
 Vampiric Draining        Necr           2%         2d6       43%         3
 Dragon Form              Tmut           1%         N/A       100%        7
 Dragon's Call            Summ           1%         N/A       100%        9


Dungeon Overview and Level Annotations

Branches:
Dungeon (3/15)

Altars:
Wu Jian

Shops:
D:3 =

Annotations:
D:3 Grinder


Innate Abilities, Weirdness & Mutations

You are very small and have problems with some larger weapons.
You are too small for most types of armour.
You have supernaturally acute eyesight. (SInv)
You cover ground extremely quickly. (Speed+++)


Message History

You hit the rat.
You kill the rat!
The Council accepts your kill.
Cast which spell? (? or * to list)
The spell is quite dangerous to miscast (9% risk of failure)!
Continue anyway?
Your hands begin to glow red.
Grinder gestures at you. Pain shoots through your body!
Grinder hits you but does no damage.
Things that are here:
a +0 dagger; a rat corpse; a goblin corpse You closely miss Grinder.
Grinder closely misses you.
You barely miss Grinder. Grinder gestures at you. You resist with some effort.
You closely miss Grinder. Grinder completely misses you.
You closely miss Grinder. Your punch misses Grinder. Grinder hits you!
You writhe in agony.
* * * LOW HITPOINT WARNING * * *
You are too injured to fight recklessly!
You completely miss Grinder. Grinder gestures at you.
You resist with some effort.
Okay, then.
You hit Grinder but do no damage.
Grinder appears confused.
You hit Grinder but do no damage. You hit Grinder.
Grinder is lightly wounded.
Grinder barely misses you.
You hit Grinder.
Grinder is lightly wounded.
Grinder misses you.
You hit Grinder but do no damage.
Grinder is lightly wounded.
You hit Grinder.
Grinder is moderately wounded.
You barely miss Grinder.
Grinder is moderately wounded.
Grinder hits you.
You die...

##.# #.# #.#
## ##..# #.#
#.. # #..# #.#
##.. #.## #.#
## #∩# ####.#
#.# #....#
####)###.####
#####....##..#
#.....###@..##
#....#...5###
#......####
#....###
#....# #....#
#..$.# #....#
#....#


You could see Grinder (confused).

Vanquished Creatures
  3 adders
  2 worms (D:2)
  4 dart slugs
  6 endoplasms
  3 giant cockroaches
  4 goblins
  A hobgoblin (D:1)
  4 jackals (D:1)
  2 quokkas (D:1)
  2 ball pythons
  6 bats
  A frilled lizard (D:1)
  3 kobolds (D:2)
  4 rats
45 creatures vanquished.

Notes
Turn   | Place    | Note
-------+----------+-------------------------------------------
     0 | D:1      | monsoonserge the Spriggan Enchanter began the quest for the
                  | Orb.
     0 | D:1      | Reached XP level 1. HP: 9/9 MP: 5/5
    21 | D:1      | Learned a level 1 spell: Slow
    85 | D:1      | Reached XP level 2. HP: 13/13 MP: 7/7
   256 | D:1      | Reached skill level 5 in Stealth
   629 | D:1      | Reached XP level 3. HP: 16/16 MP: 8/8
   739 | D:1      | Learned a level 2 spell: Ensorcelled Hibernation
   743 | D:1      | Learned a level 3 spell: Confusing Touch
  1486 | D:2      | Reached XP level 4. HP: 21/21 MP: 6/9
  1508 | D:2      | Learned a level 3 spell: Dazzling Flash
  1785 | D:3      | Found an ornate altar of the Wu Jian Council.
  1850 | D:3      | Became a worshipper of the Wu Jian Council
  1891 | D:3      | Found Goehua's Jewellery Shoppe.
  1905 | D:3      | Noticed Grinder
  1946 | D:3      | Slain by Grinder

Illustrated notes

Levels and vault maps discovered:
D:1:      dpeg_arrival_stone_temple_mockup, layout_loops_ring
D:2:      layout_loops_cross
D:3:      layout_rooms, nicolae_wu_jian_immortal_techniques, serial_shops, shop,
          shop, uniq_grinder

Skill      XL: |  1  2 |
---------------+-------+-----
Dodging        | 3 |  3.1
Spellcasting   | 3 |  3.0
Hexes          | 4 |  4.3
Stealth        | 5 |  5.9
Fighting       | |  0.1
Short Blades   | |  1.6
Ice Magic      | |  0.9

Action                     |  1- 3 |  4- 6 || total
---------------------------+-------+-------++-------
  Melee: Dagger            |    82 |    43 ||   125
         Punch             |     4 |       ||     4
   Cast: Ensorcelled Hiber |    13 |     2 ||    15
         Slow              |     1 |       ||     1
         Confusing Touch   |       |     1 ||     1
    Use: Potion            |     1 |       ||     1
   Stab: Sleeping          |    21 |     4 ||    25
 Armour: Robe              |     4 |     3 ||     7
  Dodge: Dodged            |    56 |    20 ||    76
